 Dungeon Crawl Stone Soup version 0.31-b1-22-gc680215f68 (webtiles) character file.

Game seed: 11336398058527741258

12594 Aldia the Thaumaturge (level 11, -19/61 HPs)
             Began as a Deep Elf Conjurer on Jan 18, 2024.
             Was an Initiate of Gozag.
             Collided with a rock wall (33 damage)
             ... after being knocked back by an arcanist
             ... in a Gauntlet.
             The game lasted 00:44:23 (14720 turns).

Aldia the Thaumaturge (Deep Elf Conjurer)          Turns: 14720, Time: 00:44:24

Health: -19/61     AC: 12    Str:  4    XL:     11   Next: 64%
Magic:  22/27      EV: 16    Int: 34    God:    Gozag
Gold:   2162       SH:  5    Dex: 13    Spells: 6/30 levels left

rFire   + . .        G - +2 short sword (elec)
rCold   . . .        (no shield)
rNeg    . . .        a - +2 robe {rF+}
rPois   .            (no helmet)
rElec   .            q - +1 cloak
rCorr   .            p - +1 pair of gloves {hurl}
SInv    .            (no boots)
Will    +....        F - amulet of reflection
Stlth   ++           c - +6 ring of intelligence
HPRegen 0.30/turn    h - +4 ring of protection
MPRegen 0.20/turn

%: no teleportation, reflection
@: fragile (+50% incoming damage), studying Armour
A: no striking features
a: Renounce Religion, Potion Petition, Call Merchant, Bribe Branch


You were in a Gauntlet.
You worshipped Gozag.
Gozag was most pleased with you.
You visited 2 branches of the dungeon, and saw 12 of its levels.
You also visited: Ossuary and Gauntlet.

You collected 2239 gold pieces.
You paid 77 gold pieces to Gozag.

Inventory:

Hand Weapons
 n - a +2 rapier of speed
 G - a +2 short sword of electrocution (weapon)
Armour
 a - a +2 robe of fire resistance (worn)
 f - +0 steam dragon scales
 j - an orb of energy
 p - a +1 pair of gloves of hurling (worn)
 q - a +1 cloak (worn)
Magical Staves
 g - a staff of earth
Jewellery
 c - a +6 ring of intelligence (left hand)
 h - a +4 ring of protection (right hand)
 i - a ring of magical power
 z - a +6 ring of intelligence
 F - an amulet of reflection (around neck)
 I - a ring of protection from cold
 K - a ring of wizardry
 P - a ring of positive energy
Talismans
 k - a granite talisman
Wands
 l - a wand of flame (31)
 y - a wand of digging (6)
 D - a wand of roots (9)
 L - a wand of charming (14)
Scrolls
 m - 2 scrolls of blinking
 u - 2 scrolls of vulnerability
 w - 2 scrolls of noise
 x - a scroll of teleportation
 A - 2 scrolls of poison
 E - a scroll of summoning
 H - a scroll of immolation
 J - a scroll of enchant weapon
 M - a scroll of identify
 N - a scroll of fear
 O - a scroll of brand weapon
Potions
 b - a potion of lignification
 d - a potion of resistance
 e - a potion of enlightenment
 o - 4 potions of heal wounds
 s - a potion of brilliance
 t - 2 potions of curing
 v - a potion of berserk rage
 B - 2 potions of attraction
 C - a potion of haste


   Skills:
 + Level 4.2 Fighting
 - Level 9.0 Dodging
 - Level 3.0 Stealth
 + Level 10.2 Spellcasting
 - Level 8.0 Conjurations
 + Level 9.3 Hexes
 + Level 6.7 Translocations
 - Level 7.0 Alchemy
 + Level 7.0 Shapeshifting


You had 6 spell levels left.
You knew the following spells:

 Your Spells              Type           Power      Damage    Failure   Level
a - Magic Dart            Conj           100%       1d8       1%          1
b - Searing Ray           Conj           100%       2d8       1%          2
c - Fulminant Prism       Conj/Alch      31%        3d15      1%          4
d - Iskenderun's Mystic   Conj/Tloc      61%        2d13      1%          4
e - Apportation           Tloc           100%       N/A       1%          1
f - Tukima's Dance        Hex            69%        N/A       1%          3
g - Passage of Golubria   Tloc           58%        N/A       1%          4
h - Yara's Violent Unrav  Hex/Alch       32%        3d13      2%          5

Your spell library contained the following spells:

 Spells                   Type           Power      Damage    Failure   Level
 Sting                    Conj/Alch      100%       1d9       1%          1
 Jinxbite                 Hex            100%       N/A       1%          2
 Inner Flame              Hex/Fire       49%        N/A       1%          3
 Volatile Blastmotes      Fire/Tloc      80%        2d16      1%          3
 Necrotise                Necr           68%        1d7       2%          1
 Summon Small Mammal      Summ           68%        N/A       2%          1
 Flame Wave               Conj/Fire      44%        2d11      4%          4
 Alistair's Intoxication  Alch           40%        N/A       4%          5
 Sticky Flame             Fire/Alch      41%        2d8       6%          4
 Vhi's Electric Charge    Tloc/Air       80%        N/A       7%          4
 Arcjolt                  Conj/Air       22%        1d32      14%         5
 Plasma Beam              Fire/Air       8%         2x1d19    99%         6
 Enfeeble                 Hex            34%        N/A       43%         7


Dungeon Overview and Level Annotations

Branches:
Dungeon (11/15)            Temple (1/1) D:7            Lair (0/5) D:8
Ossuary (visited)         Gauntlet (1/1)
    Orc: D:9-12

Altars:
Ashenzari
Cheibriados
Dithmenos
Elyvilon
Fedhas
Gozag
Hepliaklqana
Kikubaaqudgha
Makhleb
Nemelex Xobeh
Okawaru
Qazlal
Sif Muna
Uskayaw
Vehumet
Wu Jian
Xom
Yredelemnul
Zin
The Shining One

Shops:
D:1 *   D:10 :

Annotations:
Gauntlet 11 transporters


Message History

The wolf howls! x3
The shadow imp shouts!
The hornet buzzes angrily.
You hear an angry buzzing noise.
There is an empty arch of ancient stone here.
Search for what [Enter for "shop", or ? for help]? @ Unknown command.
The shadow imp disappears for a moment.
There is a transporter here.
You enter the transporter and appear at another place.
Casting: Fulminant Prism (dangerous; 1% risk of failure)
Confirm with . or Enter, or press ? or * to list all spells.
Aiming: Searing Ray (safe; 1% risk of failure)
Press: ? - help, Shift-Dir - straight line, f - arcanist
Aim: an arcanist, wielding a +0 dagger and wearing a +0 robe (76% to hit)
The searing ray hits the arcanist!
The arcanist is moderately wounded. (Press . to maintain the ray.)
The arcanist points at you and mumbles some strange words.
Your body becomes as fragile as glass!
Unknown command.
The searing ray hits the arcanist.
The arcanist is heavily wounded.
The arcanist points at you and mumbles some strange words.
The lance of force hits you.
You are knocked back by the lance of force.
You slam into the rock wall!
The searing ray misses the arcanist.
The shadow imp closely misses you. The arcanist hits you with a +0 dagger.
The searing ray hits the arcanist!
The arcanist is severely wounded.
You finish channelling your searing ray.
The shadow imp misses you.
The arcanist gestures at you while chanting.
The lance of force hits you!
* * * LOW HITPOINT WARNING * * *
You are knocked back by the lance of force.
You slam into the rock wall!
Ouch! That really hurt!
You die...
Your body crumbles into a pile of gold.

#.....#.©.#...§≈§...#.©.#..
###...8.#...#...≈8§...#...#.8
#8#.....#.©.#....≈....#.©.#..
###..###########...##########
#..#p.[.©?...#...##©##.....
###..#.#.....#.#...#.##.###..
#8#..#..#####..#...#.#.##.##.
###..#..##.##p.#...#.#.#.#.#.
#..#....©.@..#...#.#.#©#.#.
###..#..##.##5.#...#.#.#.#.#.
#8#..#..#####..#...#.##.##.#.
###..#.#.....#.#.∩.#..###.##.
#..#.........#...#.....##5p
###..###########...##########
#8#.......©.............©....
###≈............≈∩≈..........
###########################


You could see an arcanist and a shadow imp.

Vanquished Creatures
  Josephine (D:10)
  A two-headed ogre (D:8)
  Maggie (D:6)
  An unseen horror (D:10)
  A hornet (D:10)
  A troll (D:7)
  2 glass eyes (D:8)
  A shadow (D:9)
  2 wyverns
  6 wraiths
  3 vampires
  13 yaks
  A dancing weapon (D:6)
  2 steam dragons
  2 water moccasins
  An acid dragon (D:9)
  Duvessa (D:6)
  5 orc warriors
  A sky beast (D:7)
  2 black bears
  3 ogres
  8 centaurs
  A phantom (D:5)
  3 kobold brigands
  Blork the orc (D:6)
  2 elf zombies (Ossuary)
  A gnoll sergeant (D:9)
  3 bullfrogs
  3 scorpions
  14 wights
  Dowan (D:6)
  7 killer bees (D:8)
  2 electric eels (D:10)
  10 howler monkeys
  2 centaur zombies (Ossuary)
  3 human zombies (Ossuary)
  3 hounds
  4 jellies
  2 gnoll boudas
  8 orc priests
  A sleepcap (D:6)
  Natasha (twice) (D:4)
  3 iguanas
  9 orc wizards
  2 crocodile zombies (Ossuary)
  4 spectral hounds (Ossuary)
  5 mummies
  13 gnolls
  9 adders
  4 hound simulacra (Ossuary)
  A shadow imp (D:5)
  2 ufetubi (D:6)
  3 spectral adders (Ossuary)
  3 spectral gnolls (Ossuary)
  4 dart slugs
  A ribbon worm (D:3)
  4 adder simulacra (Ossuary)
  53 orcs
  16 endoplasms
  3 giant cockroaches
  6 gnoll zombies (Ossuary)
  9 hobgoblins
  26 kobolds
  4 quokkas
  7 ball pythons
  7 bats
  3 frilled lizards (D:1)
  2 gnoll simulacra (Ossuary)
  5 goblins
  6 kobold zombies (Ossuary)
  4 orc zombies (Ossuary)
  9 rats
359 creatures vanquished.

Vanquished Creatures (collateral kills)
  An orc (D:5)
1 creature vanquished.

Vanquished Creatures (others)
  2 orcs (D:9)
  42 fulminant prisms
44 creatures vanquished.

Grand Total: 404 creatures vanquished

Notes
Turn   | Place    | Note
-------+----------+-------------------------------------------
     0 | D:1      | Aldia the Deep Elf Conjurer began the quest for the Orb.
     0 | D:1      | Reached XP level 1. HP: 10/10 MP: 6/6
   255 | D:1      | Reached XP level 2. HP: 16/16 MP: 6/8
   289 | D:1      | Learned a level 2 spell: Searing Ray
   556 | D:1      | Found Fimimoli's General Store.
   954 | D:2      | Reached XP level 3. HP: 20/20 MP: 7/9
  1083 | D:2      | Reached skill level 5 in Conjurations
  1460 | D:2      | Reached skill level 1 in Fighting
  1518 | D:2      | Found a faded altar of an unknown god.
  1912 | D:3      | Reached XP level 4. HP: 25/25 MP: 11/11
  1955 | D:3      | Learned a level 4 spell: Fulminant Prism
  2139 | D:3      | Reached skill level 4 in Spellcasting
  2231 | D:3      | Learned a level 4 spell: Iskenderun's Mystic Blast
  2402 | D:3      | Reached skill level 1 in Alchemy
  2680 | D:4      | Reached XP level 5. HP: 29/29 MP: 13/13
  2681 | D:4      | Found a shadowy altar of Dithmenos.
  2681 | D:4      | Found an opulent altar of Gozag.
  2681 | D:4      | Found a blossoming altar of Fedhas.
  2681 | D:4      | Found an iron altar of Okawaru.
  2681 | D:4      | Found a broken altar of Ashenzari.
  2681 | D:4      | Found a hazy altar of Hepliaklqana.
  2990 | D:4      | Noticed a black bear
  2998 | D:4      | Killed a black bear
  2999 | D:4      | Reached XP level 6. HP: 34/34 MP: 15/15
  3078 | D:4      | Found a sand-covered staircase.
  3100 | Ossuary  | Entered an ossuary
  3246 | Ossuary  | Reached skill level 5 in Spellcasting
  3515 | Ossuary  | Reached XP level 7. HP: 38/39 MP: 16/16
  3570 | Ossuary  | Learned a level 1 spell: Apportation
  3642 | Ossuary  | Reached skill level 1 in Translocations
  3912 | Ossuary  | Reached skill level 6 in Spellcasting
  4444 | D:4      | Noticed Natasha
  4449 | D:4      | Killed Natasha
  4462 | D:4      | Noticed Natasha
  4469 | D:4      | Killed Natasha
  5197 | D:5      | Entered Level 5 of the Dungeon
  5252 | D:4      | Became a worshipper of Gozag Ym Sagoz the Greedy
  5332 | D:5      | Reached XP level 8. HP: 44/44 MP: 19/19
  5340 | D:5      | Learned a level 3 spell: Tukima's Dance
  5478 | D:5      | Found a blossoming altar of Fedhas.
  5484 | D:5      | Found a stormy altar of Qazlal.
  5776 | D:5      | Reached skill level 5 in Dodging
  5819 | D:5      | Found a basalt altar of Yredelemnul.
  5852 | D:5      | Reached skill level 7 in Spellcasting
  5882 | D:5      | Learned a level 4 spell: Passage of Golubria
  6062 | D:5      | Reached skill level 5 in Alchemy
  6327 | D:5      | Reached skill level 1 in Hexes
  6582 | D:6      | Noticed Maggie
  6590 | D:6      | Noticed Duvessa
  6600 | D:6      | Killed Duvessa
  6601 | D:6      | Reached skill level 1 in Shapeshifting
  6601 | D:6      | Reached XP level 9. HP: 45/50 MP: 21/22
  6601 | D:6      | Killed Maggie
  6602 | D:6      | Reached skill level 8 in Spellcasting
  6678 | D:6      | Noticed Dowan
  6689 | D:6      | Killed Dowan
  6924 | D:6      | Reached skill level 5 in Translocations
  7035 | D:6      | Learned a level 5 spell: Yara's Violent Unravelling
  7476 | D:6      | Found a snail-covered altar of Cheibriados.
  7548 | D:6      | Noticed Blork the orc
  7559 | D:6      | Killed Blork the orc
  7898 | D:7      | Reached skill level 9 in Spellcasting
  7898 | D:7      | Reached skill level 5 in Hexes
  8023 | D:7      | Noticed a troll
  8028 | D:7      | Killed a troll
  8103 | D:7      | Found a staircase to the Ecumenical Temple.
  8115 | Temple   | Entered the Ecumenical Temple
  8288 | D:7      | Reached XP level 10. HP: 27/56 MP: 17/25
 10500 | D:8      | Found a staircase to the Lair.
 10788 | D:8      | Reached skill level 10 in Spellcasting
 10921 | D:9      | Reached skill level 5 in Shapeshifting
 11019 | D:9      | Noticed a two-headed ogre
 11246 | D:8      | Killed a two-headed ogre
 11475 | D:9      | Reached XP level 11. HP: 52/61 MP: 11/27
 12800 | D:9      | Found a sparkling altar of Nemelex Xobeh.
 12970 | D:10     | Entered Level 10 of the Dungeon
 13145 | D:10     | Noticed Josephine
 13464 | D:10     | Found Gehuc's Tiny Tomes.
 13586 | D:10     | Killed Josephine
 14405 | D:11     | Noticed a red ugly thing
 14450 | D:11     | Found a gate leading to a gauntlet.
 14457 | Gauntlet | Entered a Gauntlet
 14457 | Gauntlet | Found a transporter.
 14457 | Gauntlet | Found a transporter.
 14457 | Gauntlet | Found a transporter.
 14464 | Gauntlet | Noticed an arcanist
 14480 | Gauntlet | Found a transporter.
 14483 | Gauntlet | Found a transporter.
 14485 | Gauntlet | Found a transporter.
 14487 | Gauntlet | Noticed an arcanist
 14493 | Gauntlet | Found a transporter.
 14497 | Gauntlet | Found a transporter.
 14503 | Gauntlet | Noticed a cacodemon
 14507 | Gauntlet | Found a transporter.
 14608 | Gauntlet | Found a transporter.
 14612 | Gauntlet | Found a transporter.
 14622 | Gauntlet | Found a transporter.
 14720 | Gauntlet | Collided with a rock wall

Illustrated notes

Levels and vault maps discovered:
D:1:      sevenhm_arrival_forest_fort_large_4, layout_rooms, serial_shops,
          nicolae_diamond_shop, corner_web_ring
D:2:      layout_loops_ring, chequers_ecumenical_altar_simple_redux,
          minmay_misc_feat_nine_boxes
D:3:      layout_rooms, serial_glass, glass_columns_a, glass_columns_c,
          feat_on_display, minmay_strange_pillars, minmay_strange_pillars,
          item_on_display_b
D:4:      cheibrodos_fertilizer, layout_layer_cave, gup_ossuary_entry_pyramid,
          grunt_ministairs_1, kennysheep_generic_room_7, uniq_natasha
D:5:      layout_loops_ring, grunt_temple_overflow_forces_of_nature,
          mainiacjoe_overflow_paths, dk_noncrumbling_4, kennysheep_minor_cross,
          minmay_manual_mess
D:6:      layout_rooms, mainiacjoe_overflow_24_doors, grunt_ministairs_3,
          uniq_blork_the_orc, uniq_maggie, uniq_duvessa
D:7:      layout_basic, minmay_temple_entry_mist
D:8:      layout_loops_ring, lair_entry_dummy,
          serial_library_regret_index_branch_corner
D:9:      layout_cave_pools, lemuel_coloured_pillars_altar, special_room
          [special_room_orc], onia_ninara_cookie
D:10:     layout_basic, minitemple, nicolae_trove_entry_path_of_doom,
          nicolae_shop_i_like_small_books_too, kennysheep_generic_room_4,
          uniq_josephine
D:11:     minmay_tearing_corner, layout_rooms, gauntlet_entry_generic,
          st_stairs_5
Temple:   nicolae_temple_bog_church
Gauntlet: gammafunk_gauntlet_hard_choice [gammafunk_gauntlet_arena_spirals,
          nicolae_gauntlet_arena_blocks, nicolae_gauntlet_arena_t_cross,
          gammafunk_gauntlet_arena_corners, gammafunk_gauntlet_arena_hedges,
          gammafunk_gauntlet_arena_grid, gauntlet_exit_green]

Skill      XL: |  1  2  3  4  5  6  7  8  9 10 11 |
---------------+----------------------------------+-----
Stealth        | 3 |  3.0
Conjurations   | 5 6 7 8 |  8.0
Fighting       | 1 2 3 4 |  4.2
Spellcasting   | 4 5 6 7 9 10 | 10.2
Alchemy        | 1 2 3 5 7 |  7.0
Dodging        | 3 4 5 7 9 |  9.0
Translocations | 2 4 5 6 |  6.7
Hexes          | 1 5 7 9 |  9.3
Shapeshifting  | 1 3 5 7 |  7.0

Action                     |  1- 3 |  4- 6 |  7- 9 | 10-12 || total
---------------------------+-------+-------+-------+-------++-------
  Melee: Dagger            |       |    20 |     8 |       ||    28
         Rapier            |       |       |    10 |       ||    10
         Short sword       |       |       |       |    21 ||    21
   Cast: Magic Dart        |    87 |   104 |   199 |   202 ||   592
         Searing Ray       |     1 |    16 |    31 |    46 ||    94
         Fulminant Prism   |       |     1 |    17 |    24 ||    42
         Tukima's Dance    |       |       |     6 |       ||     6
         Iskenderun's Myst |       |       |     6 |    29 ||    35
  Evoke: Wand              |       |       |       |     6 ||     6
    Use: Scroll            |       |     5 |    14 |     7 ||    26
         Potion            |       |     1 |     3 |     3 ||     7
   Stab: Sleeping          |       |     1 |     2 |       ||     3
 Armour: Robe              |     9 |    57 |    59 |   112 ||   237
         Steam dragon scal |       |       |    13 |       ||    13
  Dodge: Dodged            |     4 |    47 |    86 |   114 ||   251
  Block: Other             |       |       |     1 |    28 ||    29
         Reflection        |       |       |     1 |     5 ||     6
